 Dungeon Crawl Stone Soup version 0.19.5 (webtiles) character file.

49 equalderp2856 the Scratcher (level 3, -1/18 HPs)
             Began as a Felid Fighter on Mar 11, 2017.
             Slain by an adder (5 damage)
             ... on level 2 of the Dungeon.
             The game lasted 00:02:35 (991 turns).

equalderp2856 the Scratcher (Felid Fighter)          Turns: 991, Time: 00:02:35

Health: -1/18      AC:  1    Str: 11    XL:     3   Next: 51%
Magic:  4/4        EV: 19    Int:  9    God:
Gold:   48         SH:  0    Dex: 15    Spells: 0 memorised, 2 levels left
                                        Lives:  0   Deaths: 0

rFire  . . .     SeeInvis +       - Unarmed
rCold  . . .     Gourm    .     (armour unavailable)
rNeg   . . .     Faith    .     (shield unavailable)
rPois  .         Spirit   .     (helmet unavailable)
rElec  +         Reflect  .     (cloak unavailable)
rCorr  .         Harm     .     (gloves unavailable)
MR     .....                    (boots unavailable)
Stlth  +.........               (no amulet)
                                (no ring)
                                (no ring)

@: confused, lethally poisoned (-1 -> -6), quick
A: no armour, no weapons or thrown items, stealth, claws 1, fangs 3, see
invisible, carnivore 3, speed 1, robust 1, shaggy fur 1, electricity resistance,
slow metabolism 1, weak 1, sharp paws
a: no special abilities


You were on level 2 of the Dungeon.
You were very full.

You visited 1 branch of the dungeon, and saw 2 of its levels.

You collected 48 gold pieces.

Inventory:

Scrolls
 c - a scroll of identify {unknown}
 d - a scroll of amnesia {unknown}
 h - 2 scrolls of teleportation {unknown}
Potions
 a - a potion of might
Comestibles
 b - a meat ration
 i - a slice of pizza


   Skills:
 + Level 3.3 Fighting
 + Level 4.5 Dodging
 + Level 0.4 Stealth
 + Level 4.8 Unarmed Combat


You had 2 spell levels left.
You didn't know any spells.

Dungeon Overview and Level Annotations

Branches:
Dungeon (2/15)

Altars:


Innate Abilities, Weirdness & Mutations

You cannot wear armour.
You are incapable of wielding weapons or throwing items.
Your paws allow you to move quietly. (Stealth)
You have sharp claws.
You have razor-sharp teeth.
You have supernaturally acute eyesight. (SInv)
You are carnivorous and can eat meat at any time.
You cover ground quickly.
You are covered in fur. (AC +1)
You have a slow metabolism.
Your sharp claws are effective at attacking unaware monsters.
You are robust. (+10% HP)
You are resistant to electric shocks. (rElec)
You are weak. (Str -2)


Message History

You feel sick. The adder misses you.
You scratch the adder.
The adder is heavily wounded.
The adder bites you.
* * * LOW HITPOINT WARNING * * *
You closely miss the adder. Your bite misses the adder.
The adder is heavily wounded.
* * * LOW HITPOINT WARNING * * *
You feel sick. The adder completely misses you. The adder misses you.
It was a potion of mutation.
You feel extremely strange.
You feel insulated.
You feel robust.
You feel weaker. The adder closely misses you.
It was a potion of magic.
Magic courses through your body. The adder completely misses you.
It was a potion of ambrosia.
You are confused.
You feel invigorated.
* * * LOW HITPOINT WARNING * * *
You feel sick. The adder bites you.
You die...

.........†..........#####.##...##
#......#.#...###...............#
#.)...<#.#.#.# #.########.#.....#
######.#.#'#.# #.# #)#.....#
#......#.....# #.# #.#.#+#..
#.....##.....# #.# #.#. #.
#.....##..<..# #.# #####.#. .
#.....##.....# #.# #.....#.
#............# #@# #.....#
#..#####.....###S####.....# #..#
#........g.........# ...#
#..............[...# ##.#
#..................# ...#
#..................# ...#
#..)..................g.. ...#
#.####............####### ...#
#.# #............#


You could see an adder and a hobgoblin.

Vanquished Creatures
  2 adders (D:2)
  A dart slug (D:2)
  A leopard gecko (D:1)
  2 goblins (D:1)
  8 hobgoblins
  6 bats
  4 frilled lizards
  3 kobolds
  2 rats
29 creatures vanquished.

Notes
Turn   | Place    | Note
-------+----------+-------------------------------------------
     0 | D:1      | equalderp2856 the Felid Fighter began the quest for the Orb.
     0 | D:1      | Reached XP level 1. HP: 10/10 MP: 2/2
   230 | D:1      | Reached XP level 2. HP: 12/14 MP: 3/3
   725 | D:2      | Reached XP level 3. HP: 17/17 MP: 4/4
   989 | D:2      | Gained mutation: You are resistant to electric shocks. (rElec) [potion of mutation]
   989 | D:2      | Gained mutation: You are robust. (+10% HP) [potion of mutation]
   989 | D:2      | Gained mutation: You are weak. (Str -2) [potion of mutation]
   991 | D:2      | Slain by an adder

Action                   || total
-------------------------++-------
Melee: Unarmed           ||    75
       Bite              ||     4
  Use: Potion            ||     3
 Stab: Sleeping          ||     1
  Eat: Chunk             ||     6
Armor: Skin              ||     8
Dodge: Dodged            ||    98
